 Dungeon Crawl Stone Soup version 0.30.0-10-gfe55d96785 (webtiles) character file.

Game seed: 9734858901029358121

140 Irreverend the Grave Robber (level 5, -6/28 HPs)
             Began as a Deep Elf Necromancer on May 14, 2023.
             Killed by nerve-wracking pain
             ... invoked by Grinder
              (7 damage)
             ... on level 3 of the Dungeon.
             The game lasted 00:09:20 (3181 turns).

Irreverend the Grave Robber (Deep Elf Necromancer)  Turns: 3181, Time: 00:09:20

Health: -6/28      AC:  2    Str:  5    XL:     5   Next: 2%
Magic:  13/13      EV: 12    Int: 28    God:
Gold:   145        SH:  5    Dex: 15    Spells: 5/13 levels left

rFire   . . .        s - staff of death
rCold   . . .        (no shield)
rNeg    + . .        a - +0 robe
rPois   .            (no helmet)
rElec   .            (no cloak)
rCorr   .            (no gloves)
SInv    .            (no boots)
Will    .....        c - amulet of reflection
Stlth   ++           p - +6 ring of intelligence
HPRegen 0.24/turn    (no ring)
MPRegen 0.13/turn

%: reflection
@: no status effects
A: no striking features
a: no special abilities


You were on level 3 of the Dungeon.
You visited 1 branch of the dungeon, and saw 3 of its levels.

You collected 145 gold pieces.

Inventory:

Armour
 a - a +0 robe (worn)
Magical Staves
 s - a staff of death (weapon)
Jewellery
 c - an amulet of reflection (around neck)
 p - a +6 ring of intelligence (left hand)
Scrolls
 e - a scroll of amnesia {unknown}
 g - 3 scrolls of fear
 h - 2 scrolls of summoning {unknown}
 i - a scroll of fog {unknown}
 j - a scroll of brand weapon {unknown}
 m - 3 scrolls of identify {unknown}
 n - a scroll of immolation {unknown}
 r - a scroll of silence {unknown}
 t - a scroll of blinking {unknown}
 u - a scroll of teleportation {unknown}
 v - a scroll of enchant armour {unknown}
Potions
 b - a potion of magic
 d - a potion of heal wounds {unknown}
 f - a potion of cancellation {unknown}
 k - a potion of curing {unknown}
 l - a potion of resistance {unknown}
 o - a potion of haste {unknown}
 q - a potion of lignification {unknown}


   Skills:
 + Level 0.5 Staves
 - Level 2.4 Dodging
 - Level 2.4 Stealth
 + Level 4.6 Spellcasting
 * Level 6.8 Necromancy


You had 5 spell levels left.
You knew the following spells:

 Your Spells              Type           Power      Damage    Failure   Level
a - Necrotise             Necr           100%       1d9       1%          1
b - Vampiric Draining     Necr           61%        2d10      1%          3
c - Animate Dead          Necr           61%        N/A       4%          4

Your spell library contained the following spells:

 Spells                   Type           Power      Damage    Failure   Level
 Sublimation of Blood     Necr           61%        N/A       1%          2
 Agony                    Necr           61%        N/A       12%         5
 Petrify                  Tmut/Erth      6%         N/A       56%         4
 Irradiate                Conj/Tmut      3%         3d12      89%         5


Dungeon Overview and Level Annotations

Branches:
Dungeon (3/15)

Altars:
Fedhas

Annotations:
D:3 1 runed translucent door, Crazy Yiuf, Grinder


Message History

Casting: Necrotise (safe; 1% risk of failure)
Confirm with . or Enter, or press ? or * to list all spells.
You can't see any susceptible monsters within range! (Use Z to cast anyway.)
You barely miss Grinder.
Grinder is heavily wounded.
You block Grinder's attack.
You barely miss Grinder.
Grinder is heavily wounded.
Your rat zombie bites Grinder but does no damage.
Grinder blinks!
Your rat zombie misses Grinder.
Casting: Necrotise (safe; 1% risk of failure)
Confirm with . or Enter, or press ? or * to list all spells.
You can't see any susceptible monsters within range! (Use Z to cast anyway.)
You aren't carrying any items that you can evoke.
Okay, then.
Grinder hits you.
You writhe in agony.
You hit Grinder but do no damage.
Grinder is heavily wounded.
Grinder completely misses you.
Your rat zombie barely misses Grinder.
Grinder gestures at you.
You suddenly lose the ability to move!
Your rat zombie bites Grinder but does no damage.
Grinder hits you.
You writhe in agony.
Your rat zombie bites Grinder.
Grinder hits you.
* * * LOW HITPOINT WARNING * * *
You can move again.
Unknown command.
You hit Grinder but do no damage.
Grinder is heavily wounded.
Your rat zombie closely misses Grinder.
Grinder hits you.
* * * LOW HITPOINT WARNING * * *
You writhe in agony.
* * * LOW HITPOINT WARNING * * *
You hit Grinder but do no damage.
Grinder is heavily wounded.
Your rat zombie closely misses Grinder.
Grinder gestures at you. Pain shoots through your body!
You die...

#......#.####......#############
###.####.# #................#..
#.# #.# ##.#...##.......##.. #.#
#.####......##.....#..#..
####.####.#..........#...........
.................................
...#............Z..<......##..##.
##.#............5..............#(
#.##..#........@......##...#....
#.###.#.###..........####.......
#.###...# ##........#..........#
#..#...## ##........#.#####....#
##....## #...........### #.#.##
####.#####.............###.#.##
#.##.............##.........
#.##.............########...
#.##.............# #####..


You could see Grinder (ally target) and a friendly rat zombie.

Vanquished Creatures
  An iguana (D:3)
  3 adders
  A river rat (D:3)
  6 dart slugs
  5 endoplasms (D:1)
  5 giant cockroaches
  3 goblins
  3 hobgoblins
  5 kobolds
  2 quokkas
  7 ball pythons
  4 bats
  3 frilled lizards (D:2)
  8 rats (D:1)
56 creatures vanquished.

Vanquished Creatures (collateral kills)
  An orc (D:3)
  2 endoplasms (D:2)
  A goblin (D:2)
  A kobold (D:1)
  A ball python (D:3)
  4 rats
10 creatures vanquished.

Vanquished Creatures (others)
  An iguana zombie (D:3)
  2 ball python zombies (D:3)
  An orc zombie (D:3)
  A rat zombie (D:3)
  A river rat zombie (D:3)
6 creatures vanquished.

Grand Total: 72 creatures vanquished

Notes
Turn   | Place    | Note
-------+----------+-------------------------------------------
     0 | D:1      | Irreverend the Deep Elf Necromancer began the quest for the
                  | Orb.
     0 | D:1      | Reached XP level 1. HP: 10/10 MP: 6/6
    76 | D:1      | Reached skill level 5 in Necromancy
   172 | D:1      | Reached XP level 2. HP: 15/15 MP: 4/8
   563 | D:1      | Reached XP level 3. HP: 19/19 MP: 6/10
  1189 | D:2      | Learned a level 3 spell: Vampiric Draining
  1278 | D:2      | Reached skill level 6 in Necromancy
  1474 | D:2      | Reached XP level 4. HP: 21/24 MP: 1/12
  1563 | D:2      | Found a blossoming altar of Fedhas.
  1576 | D:2      | Learned a level 4 spell: Animate Dead
  2515 | D:3      | Noticed Grinder
  2533 | D:3      | Paralysed by Grinder for 4 turns
  2893 | D:3      | Found a glowing drain.
  2913 | D:3      | Reached XP level 5. HP: 25/28 MP: 6/13
  3043 | D:3      | Found a runed translucent door.
  3044 | D:3      | Noticed Crazy Yiuf
  3177 | D:3      | Paralysed by Grinder for 3 turns
  3180 | D:3      | HP: 1/28 [Grinder (2)]
  3181 | D:3      | Killed from afar by Grinder

Illustrated notes

Levels and vault maps discovered:
D:1:      dpeg_arrival_prison, layout_basic
D:2:      layout_basic, basic_altar, dreamdust_princess_corridor,
          nicolae_concentric_dashed_squares_mild
D:3:      layout_rooms, lemuel_coloured_pillars_altar, portal_sewer_entry_e,
          uniq_grinder, uniq_crazy_yiuf_cottage

Skill      XL: |  1  2  3 |
---------------+----------+-----
Necromancy     | 5 6 |  6.8
Spellcasting   | 4 |  4.6
Staves         | |  0.5
Dodging        | |  2.4
Stealth        | |  2.4

Action                     |  1- 3 |  4- 6 || total
---------------------------+-------+-------++-------
  Melee: Unarmed           |     1 |       ||     1
         Staff             |       |    28 ||    28
   Cast: Necrotise         |    75 |    11 ||    86
         Vampiric Draining |     1 |     9 ||    10
         Animate Dead      |       |     8 ||     8
    Use: Scroll            |       |     1 ||     1
 Armour: Robe              |     1 |     4 ||     5
  Dodge: Dodged            |    11 |    29 ||    40
  Block: Other             |       |    11 ||    11
